 Dungeon Crawl Stone Soup version 0.30-a0-371-gad7725a93e (webtiles) character file.

Game seed: 12740584306226845390

7480 sanka the Destroyer (level 10, -1/75 (90) HPs)
             Began as a Demigod Reaver on Nov 20, 2022.
             Slain by a manticore (9 damage)
             ... on level 11 of the Dungeon.
             The game lasted 00:27:28 (14867 turns).

sanka the Destroyer (Demigod Reaver)               Turns: 14867, Time: 00:27:29

HP:   -1/75 (90)    AC:  6    Str: 23    XL:     10   Next: 63%
MP:   15/18         EV: 16    Int: 23    God:
Gold: 251           SH:  5    Dex: 18    Spells: 0/15 levels left

rFire   . . .      SeeInvis .    a - +4 flail (freeze)
rCold   . . .      Faith    .    (no shield)
rNeg    . . .      Spirit   .    h - +0 leather armour
rPois   .          Reflect  +    D - +0 helmet
rElec   .          Harm     .    (no cloak)
rCorr   .          Rampage  .    m - +0 pair of gloves
Will    +....                    N - +0 pair of boots
Stlth   +.........               d - amulet of reflection
HPRegen 0.32/turn                r - +6 ring of strength
MPRegen 0.16/turn                u - +6 ring of dexterity

@: spiked, immotile, heavily drained
A: high MP 1, forlorn, divine attributes
a: no special abilities


You were on level 11 of the Dungeon.
You visited 1 branch of the dungeon, and saw 11 of its levels.
You also visited: Ossuary.

You collected 665 gold pieces.
You spent 414 gold pieces at shops.


Innate Abilities, Weirdness & Mutations

You have an increased reservoir of magic. (+10% MP)
You shall have no god before yourself.
Your divine heritage dramatically boosts your attributes as you level up.


   Skills:
 - Level 8.4 Fighting
 - Level 7.0 Maces & Flails
 - Level 8.0 Dodging
 + Level 3.2 Spellcasting
 + Level 8.5 Conjurations


You couldn't memorise any spells.
You knew the following spells:

 Your Spells              Type           Power      Damage    Failure   Level
u - Momentum Strike       Conj/Tloc      46%        3d9       3%          2
x - Orb of Destruction    Conj           21%        9d8       98%         7
y - Kiss of Death         Conj/Necr      92%        2d12      2%          1
X - Freezing Cloud        Conj/Ice/Air   8%         6-21      75%         5

Your spell library contained the following spells:

 Spells                   Type           Power      Damage    Failure   Level
 Foxfire                  Conj/Fire      92%        2x1d8     2%          1
 Static Discharge         Conj/Air       46%        2-4/arc   3%          2
 Hailstorm                Conj/Ice       23%        3d7       7%          3
 Mephitic Cloud           Conj/Pois/Air  16%        N/A       12%         3
 Sublimation of Blood     Necr           3%         N/A       21%         2
 Fulminant Prism          Conj/Hex       11%        3d9       22%         4
 Sticky Flame             Conj/Fire      23%        2d4       22%         4
 Ignite Poison            Fire/Tmut/Pois 3%         N/A       36%         3
 Kindle Blastsparks       Fire/Tloc/Air  6%         2d10      36%         3
 Irradiate                Conj/Tmut      11%        3d15      54%         5
 Petrify                  Tmut/Erth      3%         N/A       78%         4
 Metabolic Englaciation   Hex/Ice        1%         N/A       98%         5
 Conjure Ball Lightning   Conj/Air       11%        3x3d6     98%         6
 Statue Form              Tmut/Erth      2%         N/A       100%        6

Inventory:

Hand Weapons
 a - a +4 flail of freezing (weapon)
 b - a +0 dagger of draining
Missiles
 n - a throwing net {=f}
 v - 3 curare-tipped darts {=f}
Armour
 h - a +0 leather armour (worn)
 m - a +0 pair of gloves (worn)
 D - a +0 helmet (worn)
 N - a +0 pair of boots (worn)
Magical Staves
 o - a staff of earth
 P - a staff of poison
Jewellery
 d - an amulet of reflection (around neck)
 r - a +6 ring of strength (left hand)
 u - a +6 ring of dexterity (right hand)
 y - a ring of positive energy
Wands
 A - a wand of charming (7)
Scrolls
 e - 4 scrolls of teleportation {@r4}
 g - 5 scrolls of poison {!r}
 j - 4 scrolls of fear
 k - 2 scrolls of noise {!r}
 l - 2 scrolls of vulnerability {!r}
 s - 2 scrolls of torment {unknown}
 w - a scroll of blinking
 x - 2 scrolls of identify {@r1}
 B - a scroll of immolation {!r}
 C - 3 scrolls of brand weapon
 E - 2 scrolls of magic mapping
 F - 2 scrolls of enchant armour
 G - a scroll of summoning
 I - 2 scrolls of fog
 K - a scroll of amnesia
 O - 2 scrolls of silence {unknown}
Potions
 c - 2 potions of cancellation {unknown}
 f - 3 potions of haste {@q3}
 i - a potion of heal wounds {@q2}
 p - 4 potions of attraction {unknown}
 q - 2 potions of curing {unknown}
 t - 3 potions of brilliance {unknown}
 z - a potion of lignification {unknown}
 H - 3 potions of invisibility {unknown}
 J - a potion of berserk rage {unknown}
 L - 2 potions of ambrosia
 M - 2 potions of mutation {unknown}

Dungeon Overview and Level Annotations

Branches:
Dungeon (11/15)            Temple (0/1) D:7            Lair (0/5) D:9
Ossuary (visited)
    Orc: D:9-12

Shops:
D:7 !!?***

Portals:
Trove: D:11 (give +4 demon blade)

Annotations:
D:6 2 transporters, RatherSlowDeath's ghost, novice HuNe

...▒▒...▒
▒......................
...▒▒...▒
▒.........^..▒..▒▒.▒▒▒▒
...▒▒▒▒▒▒
▒...............▒▒..▒
...▒
▒............▒.▒▒▒▒.▒
▒▒▒▒ ▒...▒▒.......▒.▒
▒.▒▒
▒...▒▒.......▒.▒▒▒▒..▒▒
▒...▒▒▒▒▒▒▒▒▒.....▒▒..▒
▒...▒▒.....▒▒...▒...▒..
▒...▒▒p▒▒▒ ▒...▒▒▒...▒
▒▒.....H.▒ ▒...▒ ▒▒▒..
▒▒▒▒▒.▒.▒ ▒...▒ ▒▒▒
▒.▒.▒ ▒...▒ ▒ ▒.▒ ▒
▒...▒ ▒ ▒.▒ ...▒▒ ▒ ▒.▒
.... ▒ ▒.▒ ▒ ▒.▒ ▒


You could see a manticore (drained).


Message History

The negative energy hits the manticore!
The manticore is drained!
The manticore is moderately wounded.
You feel drained. The manticore bites you!
* * * LOW HITPOINT WARNING * * *
You block the manticore's attack.
The manticore claws you but does no damage.
Unknown command.
You sock the manticore! You freeze the manticore.
The manticore is heavily wounded.
The manticore barely misses you. The manticore claws you!
* * * LOW HITPOINT WARNING * * *
You block the manticore's attack.
You sock the manticore! You freeze the manticore.
The manticore is almost dead.
The manticore misses you. The manticore closely misses you.
The manticore claws you.
* * * LOW HITPOINT WARNING * * *
You completely miss the manticore.
The manticore is almost dead.
The manticore bites you but does no damage.
The manticore claws you.
* * * LOW HITPOINT WARNING * * *
The manticore claws you!
You die...

Action                   |  1- 3 |  4- 6 |  7- 9 | 10-12 || total
-------------------------+-------+-------+-------+-------++-------
Melee: Mace              |    69 |       |       |       ||    69
       Dagger            |    99 |   198 |    48 |       ||   345
       Punch             |       |     2 |     4 |     5 ||    11
       Flail             |       |    60 |   250 |   145 ||   455
Throw: Dart              |       |       |     5 |     3 ||     8
 Cast: Momentum Strike   |     1 |     8 |    32 |    19 ||    60
       Kiss of Death     |       |     2 |     7 |     6 ||    15
Evoke: Wand              |       |       |    17 |     8 ||    25
  Use: Scroll            |       |       |     7 |     8 ||    15
 Stab: Sleeping          |       |     2 |       |       ||     2
Armor: Leather armour    |    60 |    63 |    70 |    30 ||   223
Dodge: Dodged            |    99 |   160 |   221 |    99 ||   579
Block: Other             |    53 |    68 |   102 |    45 ||   268
       Reflection        |     1 |     1 |     9 |     1 ||    12

Levels and vault maps discovered:
D:1:      minmay_arrival_widening_spiral_wide, layout_loops_cross
D:2:      layout_basic
D:3:      layout_loops_ring, gammafunk_temple_overflow_wave,
          hellmonk_ecumenical_altar_slurped_away
D:4:      layout_basic, trog_wizard, fedhas_altar_2, st_stairs_11,
          reono_crystal_passage, dk_rats_in_the_wall
D:5:      layout_basic
D:6:      layout_gridville, mainiacjoe_overflow_alcove_2, gammafunk_ghost_hive
D:7:      layout_loops_corners, zin_statuary,
          chequers_temple_overflow_statue_of_worship,
          minmay_temple_entry_mini_moons, serial_shops, nicolae_square_shop,
          kennysheep_little_box, kennysheep_mini, nicolae_take_the_stairs,
          nicolae_shop_crystal, gup_ossuary_entry_pyramid, minmay_shop_damaged,
          uniq_menkaure
D:8:      layout_rooms, mainiacjoe_overflow_boulevard, kennysheep_mini_moat
D:9:      layout_basic, lemuel_crystal_altar, dpeg_lair_monsters,
          minmay_statues_item
D:10:     layout_small_grid
D:11:     layout_basic, nicolae_trove_entry_crossroad

Notes
Turn   | Place    | Note
-------+----------+-------------------------------------------
     0 | D:1      | sanka the Demigod Reaver began the quest for the Orb.
     0 | D:1      | Reached XP level 1. HP: 17/17 MP: 5/5
   152 | D:1      | Reached skill level 2 in Spellcasting
   160 | D:1      | Reached skill level 3 in Conjurations
   233 | D:1      | Reached XP level 2. HP: 24/24 MP: 7/7
   314 | D:1      | Learned a level 2 spell: Momentum Strike
   880 | D:2      | Reached XP level 3. HP: 24/29 MP: 8/8
   971 | D:2      | Reached skill level 4 in Conjurations
  1842 | D:3      | Reached XP level 4. HP: 36/36 MP: 9/9
  2677 | D:4      | Reached skill level 5 in Conjurations
  2901 | D:4      | Reached XP level 5. HP: 41/41 MP: 10/10
  3018 | D:4      | Noticed a wizard
  3024 | D:4      | Killed a wizard
  3229 | D:4      | Noticed an ogre
  3235 | D:4      | Killed an ogre
  3607 | D:5      | Entered Level 5 of the Dungeon
  3970 | D:5      | Reached skill level 6 in Conjurations
  4659 | D:6      | Reached XP level 6. HP: 42/48 MP: 11/11
  4786 | D:6      | Noticed RatherSlowDeath's ghost (novice HuNe)
  4787 | D:6      | Found a transporter.
  4791 | D:6      | Found a transporter.
  4808 | D:6      | Noticed a hornet
  4843 | D:6      | Reached skill level 7 in Conjurations
  4953 | D:6      | HP: 1/48 [ice beast (9)]
  5427 | D:7      | Noticed a wyvern
  5431 | D:7      | Killed a wyvern
  5432 | D:7      | Reached XP level 7. HP: 7/49 MP: 9/13
  5517 | D:7      | Found Wair's Distillery.
  5527 | D:7      | Found Itih's Magic Scroll Shop.
  5531 | D:7      | Bought a scroll of magic mapping for 90 gold pieces
  5585 | D:7      | Found Jauveez's Assorted Antiques.
  5652 | D:7      | Reached skill level 8 in Conjurations
  5652 | D:7      | Reached skill level 2 in Fighting
  5652 | D:7      | Reached skill level 2 in Dodging
  5714 | D:7      | Found a sand-covered staircase.
  5729 | D:7      | HP: 4/48 [mummy (15)]
  5869 | Ossuary  | Entered an ossuary
  6158 | D:7      | Noticed Menkaure
  6160 | D:7      | Killed Menkaure
  6161 | D:7      | Reached skill level 3 in Fighting
  6161 | D:7      | Reached skill level 3 in Dodging
  6404 | D:7      | Found Coamufud's Lightly-Used Armoury.
  6477 | D:7      | Reached XP level 8. HP: 52/64 MP: 14/14
  6525 | D:7      | Noticed a two-headed ogre
  6533 | D:7      | Killed a two-headed ogre
  6534 | D:7      | Reached skill level 5 in Fighting
  6534 | D:7      | Reached skill level 5 in Dodging
  6665 | D:7      | Found Wenoac's Distillery.
  6836 | D:7      | Found Xaned's Assorted Antiques.
  6863 | D:7      | Found a staircase to the Ecumenical Temple.
  7409 | D:7      | Reached skill level 3 in Maces & Flails
  7854 | D:7      | Bought a scroll of identify for 24 gold pieces
  7854 | D:7      | Bought a scroll of enchant armour for 90 gold pieces
  7940 | D:7      | Bought a potion of heal wounds for 70 gold pieces
  7940 | D:7      | Bought a potion of haste for 140 gold pieces
  7997 | D:8      | Noticed a hornet
  8009 | D:7      | Killed a hornet
  8010 | D:7      | Reached XP level 9. HP: 39/75 MP: 11/15
  8181 | D:8      | Reached skill level 6 in Fighting
  8347 | D:8      | Reached skill level 6 in Dodging
  8799 | D:8      | Reached skill level 4 in Maces & Flails
  9158 | D:9      | Noticed a two-headed ogre
  9328 | D:9      | HP: 7/70 [wight/+0 scimitar (12)]
  9730 | D:9      | Killed a two-headed ogre
  9731 | D:9      | Reached skill level 7 in Fighting
  9731 | D:9      | Reached skill level 5 in Maces & Flails
  9731 | D:9      | Reached skill level 7 in Dodging
  9827 | D:9      | Noticed a death yak
  9827 | D:9      | Noticed a death yak
  9867 | D:8      | Killed a death yak
 10074 | D:9      | Found a staircase to the Lair.
 10154 | D:9      | Noticed a death yak
 10729 | D:7      | Found Jauveez's Assorted Antiques.
 10808 | D:7      | Found a staircase to the Ecumenical Temple.
 10852 | D:7      | Found Xaned's Assorted Antiques.
 10880 | D:7      | Found Itih's Magic Scroll Shop.
 10970 | D:7      | Found Wenoac's Distillery.
 11263 | D:7      | Found Coamufud's Lightly-Used Armoury.
 11322 | D:7      | Found Wair's Distillery.
 11590 | D:9      | Found a staircase to the Lair.
 11774 | D:8      | HP: 5/67 [death yak (2)]
 11775 | D:8      | Killed a death yak
 11776 | D:8      | Reached XP level 10. HP: 6/82 MP: 11/16
 12017 | D:9      | Killed a death yak
 12018 | D:9      | Reached skill level 6 in Maces & Flails
 12411 | D:10     | Entered Level 10 of the Dungeon
 12744 | D:10     | Reached skill level 8 in Fighting
 12896 | D:10     | Reached skill level 8 in Dodging
 13764 | D:11     | Noticed a boulder beetle
 13783 | D:11     | Killed a boulder beetle
 13784 | D:11     | Reached skill level 7 in Maces & Flails
 13991 | D:11     | Identified a scroll of acquirement
 13992 | D:11     | Acquired Vorit's Secrets of the Welkin and Blows and
                  | Bruises
 14125 | D:11     | Noticed a manticore
 14136 | D:11     | Found a portal to a secret trove of treasure.
 14527 | D:11     | Noticed a two-headed ogre
 14538 | D:11     | Killed a two-headed ogre
 14539 | D:11     | Reached skill level 3 in Spellcasting
 14767 | D:11     | Learned a level 5 spell: Freezing Cloud
 14775 | D:11     | Learned a level 7 spell: Orb of Destruction
 14867 | D:11     | Slain by a manticore

Vanquished Creatures
  3 two-headed ogres
  3 death yaks
  6 yaks
  2 wyverns
  Menkaure (D:7)
  A water moccasin (D:8)
  5 orc warriors
  A black bear (D:7)
  5 centaurs
  An ogre (D:4)
  A phantom (D:6)
  2 kobold brigands
  5 bullfrogs
  A necrophage (D:7)
  5 wights
  3 killer bees (D:10)
  2 hounds
  3 orc priests
  3 centaur zombies (Ossuary)
  2 hell rats (D:9)
  8 orc wizards
  4 mummies
  10 adders
  2 river rats (D:9)
  2 white imps
  An ufetubus (D:5)
  2 worms (D:5)
  3 dart slugs
  34 orcs
  10 ball pythons
  6 bats
  6 endoplasms
  3 giant cockroaches
  6 goblins
  7 hobgoblins
  7 jackals (D:3)
  31 kobolds
  6 quokkas
  3 frilled lizards
  4 hobgoblin zombies (Ossuary)
  5 rats
215 creatures vanquished.

Vanquished Creatures (collateral kills)
  A wight (D:9)
  2 mummies (Ossuary)
  A hobgoblin zombie (Ossuary)
4 creatures vanquished.

Vanquished Creatures (others)
  A boulder beetle (D:11)
  A wizard (D:4)
  A hornet (D:7)
  2 yaks
  A black bear (D:8)
  2 ice beasts (D:6)
  A kobold brigand (D:9)
  2 wights
  6 killer bees (D:10)
  A jelly (D:5)
  2 orc priests
  An iguana (D:4)
  A mummy (Ossuary)
  A hobgoblin zombie (Ossuary)
  A kobold (D:1)
  A plant (D:8)
25 creatures vanquished.

Grand Total: 244 creatures vanquished
